Colorado Rockies vs Edmonton Oilers
Created - Monday, May 13, 2024 at 07:22
Goals
|
| Colorado Rockies |
0 |
2 |
1 |
3 |
| Edmonton Oilers |
0 |
2 |
3 |
5 |
|
Shots
|
| Colorado Rockies |
14 |
3 |
8 |
25 |
| Edmonton Oilers |
10 |
18 |
13 |
41 |
|
1st period
No Goal
Penalties :
David Perron (EDM) for Interference (Minor) at 5:08, Tim Stutzle (COL) for Hooking (Minor) at 13:05
2nd period
1. Edmonton Oilers , Alex Iafallo 16 (Jeff Carter 17) at 2:20
2. Colorado Rockies , David Pastrnak 20 (Tim Stutzle 39, Jesper Bratt 23) at 6:16
3. Edmonton Oilers , Jake DeBrusk 15 (Brock Boeser 37, Mikael Backlund 28) at 7:36
4. Colorado Rockies , Vince Dunn 8 (Nick Bonino 7, Andrei Vasilevskiy) at 16:57
Penalties :
David Perron (EDM) for Hooking (Minor) at 8:39, Victor Hedman (COL) for Tripping (Minor) at 13:25
3rd period
5. Edmonton Oilers , Brock Boeser 39 (Jake DeBrusk 27, Mikael Backlund 29) at 0:04
6. Edmonton Oilers , Blake Wheeler 13 (Alex Iafallo 12) at 4:58
7. Colorado Rockies , Nick Schmaltz 24 (Vince Dunn 15) at 18:08
8. Edmonton Oilers , Blake Wheeler 14 (Jake DeBrusk 28, Juuse Saros) at 19:31 (PP)
Penalties :
Scott Mayfield (EDM) for Hooking (Minor) at 9:19, Michael Bunting (COL) for Holding (Minor) at 18:13
Goalie Stats
Andrei Vasilevskiy (COL), 36 saves from 41 shots - (0.878), L, 28-16-3, 60:00 minutes
Juuse Saros (EDM), 22 saves from 25 shots - (0.880), W, 36-24-5, 60:00 minutes
Players Stats for Colorado Rockies
Player Name G A P +/- PIM S H SB GA TA FO MP PP MP PK MP
------------------------------------------------------------------------------------
Andrew Peeke 0 0 0 0 0 1 1 2 0 0 0/0 22:34 1:59 2:08
David Pastrnak 1 0 1 -2 0 1 0 0 0 0 1/3 17:32 2:50 0:00
Jakub Vrana 0 0 0 0 0 0 1 0 0 0 0/0 7:14 0:00 0:00
Jesper Bratt 0 1 1 -2 0 1 0 0 0 0 0/1 18:10 3:07 1:05
Kevin Hayes 0 0 0 0 0 1 0 2 1 0 0/0 12:49 0:00 0:00
Kyle Connor 0 0 0 1 0 1 0 0 1 0 1/5 17:33 2:50 0:03
Kyle Palmieri 0 0 0 0 0 0 0 0 0 1 0/0 7:14 0:00 0:00
Martin Fehervary 0 0 0 1 0 1 2 0 0 3 0/0 11:48 0:00 0:57
Michael Bunting 0 0 0 0 2 2 4 0 0 0 0/0 13:32 0:38 0:00
Nick Bonino 0 1 1 0 0 1 0 0 0 0 2/5 11:56 2:29 1:58
Nick Schmaltz 1 0 1 0 0 5 1 0 0 0 4/15 13:23 0:00 0:34
Nikita Kucherov 0 0 0 1 0 3 2 1 0 0 0/0 20:28 3:32 2:44
Nikita Zadorov 0 0 0 -2 0 1 2 2 0 0 0/0 22:24 0:00 3:15
Quinn Hughes 0 0 0 0 0 0 2 2 0 1 0/0 9:31 0:52 0:57
Ryan O'Reilly 0 0 0 1 0 3 2 0 0 0 15/26 19:51 3:07 3:03
Tim Stutzle 0 1 1 -2 2 0 2 1 1 1 9/28 18:57 2:50 1:05
Victor Hedman 0 0 0 -1 2 2 2 3 0 1 0/0 26:32 3:06 2:20
Vince Dunn 1 1 2 0 0 2 3 2 0 1 0/0 23:13 2:25 0:55
Players Stats for Edmonton Oilers
Player Name G A P +/- PIM S H SB GA TA FO MP PP MP PK MP
------------------------------------------------------------------------------------
Adrian Kempe 0 0 0 -1 0 7 2 0 1 1 0/0 18:47 3:04 0:00
Alex Iafallo 1 1 2 1 0 2 0 3 1 0 0/0 13:51 0:00 2:33
Blake Wheeler 2 0 2 1 0 5 3 0 0 0 1/1 13:40 3:30 0:00
Boone Jenner 0 0 0 -1 0 4 3 0 0 0 21/31 18:59 3:04 0:11
Brandon Carlo 0 0 0 1 0 0 1 3 0 0 0/0 21:00 0:00 2:31
Brett Pesce 0 0 0 -1 0 3 0 0 0 1 0/0 21:06 1:46 1:05
Brock Boeser 1 1 2 2 0 5 2 1 0 0 1/2 18:34 3:04 0:00
David Perron 0 0 0 -1 4 5 1 1 0 0 0/0 18:19 2:12 0:00
Dawson Mercer 0 0 0 -1 0 0 0 1 1 0 0/0 8:41 1:46 0:00
Derek Grant 0 0 0 -1 0 2 1 0 0 1 4/7 10:13 0:00 3:13
Evan Bouchard 0 0 0 -1 0 1 0 1 0 0 0/0 25:25 3:30 3:26
Jacob Trouba 0 0 0 1 0 1 0 2 0 0 0/0 20:11 0:00 2:31
Jake DeBrusk 1 2 3 2 0 3 0 2 1 0 1/3 17:07 2:12 0:00
Jeff Carter 0 1 1 1 0 0 0 1 1 0 12/19 13:41 0:00 2:33
Mikael Backlund 0 2 2 2 0 1 1 0 2 0 11/20 17:19 2:12 0:11
Ryker Evans 0 0 0 1 0 1 0 0 1 0 0/0 11:31 0:00 0:00
Scott Mayfield 0 0 0 1 2 1 1 2 0 0 0/0 15:23 0:00 2:21
Tanner Jeannot 0 0 0 -1 0 0 0 0 0 0 0/0 10:13 0:00 3:13
3 Stars
1 - Blake Wheeler (EDM)
2 - Jake DeBrusk (EDM)
3 - Brock Boeser (EDM)
Power Play
Colorado Rockies - 0 on 3 Attempt(s) - 0.00%
Edmonton Oilers - 1 on 3 Attempt(s) - 33.33%
Penalty Kill
Colorado Rockies - 2 on 3 Attempt(s) - 66.67%
- Score 0 goal in Penalty Kill
Edmonton Oilers - 3 on 3 Attempt(s) - 100.00%
- Score 0 goal in Penalty Kill
Team Stat
Colorado Rockies - Hits : 24 - Faceoff Wins : 32 - Blocked Shots : 15 - Penalty Minutes : 6
Edmonton Oilers - Hits : 15 - Faceoff Wins : 51 - Blocked Shots : 17 - Penalty Minutes : 6
Official
Referees : Frederick L'Ecuyer and Ghislain Hebert
Linesman : Brian Mach and Don Henderson
Game Notes
Quinn Hughes is injured at 1:39 of 2nd period (Back)
Finance
Level 1 -- Attendance: 5850 (97.50%) -- Ticket Income $526,500
Level 2 -- Attendance: 5000 (100.00%) -- Ticket Income $250,000
Level 3 -- Attendance: 3000 (100.00%) -- Ticket Income $90,000
Level 4 -- Attendance: 5000 (100.00%) -- Ticket Income $100,000
Luxury Box -- Attendance: 945 (94.50%) -- Ticket Income $179,550
Game was played at the Rexall Place.
Total Attendance: 19795 (98.98%)
Total Ticket Income: $1,146,050
Other Income: $401,118
Total Income: $1,547,168
Colorado Rockies
5 vs 5 Forward
Center Left Wing Right Wing Time % Phy DF OF
1 Ryan O'Reilly Kyle Connor Nikita Kucherov 30 1 2 2
2 Tim Stutzle Jesper Bratt David Pastrnak 30 1 2 2
3 Nick Schmaltz Michael Bunting Kevin Hayes 25 1 2 2
4 Nick Bonino Jakub Vrana Kyle Palmieri 15 1 2 2
5 vs 5 Defense
Defense Defense Time % Phy DF OF
1 Victor Hedman Quinn Hughes 42 1 2 2
2 Vince Dunn Andrew Peeke 36 1 2 2
3 Martin Fehervary Nikita Zadorov 22 1 2 2
4 Victor Hedman Quinn Hughes 0 1 2 2
PowerPlay Forward
Center Left Wing Right Wing Time % Phy DF OF
1 Tim Stutzle Kyle Connor David Pastrnak 50 1 2 2
2 Ryan O'Reilly Jesper Bratt Nick Bonino 50 1 2 2
PowerPlay Defense
Defense Defense Time % Phy DF OF
1 Nikita Kucherov Quinn Hughes 50 1 2 2
2 Victor Hedman Vince Dunn 50 1 2 2
Penalty Kill 4 Players Forward
Center Wing Time % Phy DF OF
1 Ryan O'Reilly Nikita Kucherov 50 1 2 2
2 Nick Bonino Tim Stutzle 50 1 2 2
Penalty Kill 4 Players Defense
Defense Defense Time % Phy DF OF
1 Quinn Hughes Andrew Peeke 50 1 2 2
2 Victor Hedman Nikita Zadorov 50 1 2 2
Penalty Kill - 3 Players Forward
Forward Time % Phy DF OF
1 Ryan O'Reilly 50 1 2 2
2 Nick Bonino 50 1 2 2
Penalty Kill - 3 Players Defense
Defense Defense Time % Phy DF OF
1 Andrew Peeke Victor Hedman 50 1 2 2
2 Quinn Hughes Nikita Zadorov 50 1 2 2
4 vs 4 Forward
Center Wing Time % Phy DF OF
1 Tim Stutzle Nikita Kucherov 50 1 2 2
2 Ryan O'Reilly David Pastrnak 50 1 2 2
4 vs 4 Defense
Defense Defense Time % Phy DF OF
1 Victor Hedman Quinn Hughes 50 1 2 2
2 Nikita Zadorov Andrew Peeke 50 1 2 2
Last Minutes Offensive
Center Left Wing Right Wing Defense Defense
Ryan O'Reilly Kyle Connor Nikita Kucherov Victor Hedman Quinn Hughes
Last Minutes Defensive
Center Left Wing Right Wing Defense Defense
Ryan O'Reilly Kyle Connor Nikita Kucherov Victor Hedman Quinn Hughes
Goaltenders
Starting : Andrei Vasilevskiy
Backup : Joey Daccord
Extra Forwards
Normal : Michael Bunting, Ryan O'Reilly, Nikita Kucherov - PP : Michael Bunting, Ryan O'Reilly - PK : Ryan O'Reilly
Extra Defensemen
Normal : Victor Hedman, Nikita Zadorov, Vince Dunn - PP : Victor Hedman - PK : Nikita Zadorov, Vince Dunn
Penalty Shots
Ryan O'Reilly, Michael Bunting, Nikita Kucherov, Tim Stutzle, Nick Bonino
Edmonton Oilers
5 vs 5 Forward
Center Left Wing Right Wing Time % Phy DF OF
1 Boone Jenner Adrian Kempe David Perron 34 1 1 3
2 Mikael Backlund Jake DeBrusk Brock Boeser 34 0 2 3
3 Jeff Carter Alex Iafallo Blake Wheeler 20 1 2 2
4 Derek Grant Tanner Jeannot Dawson Mercer 12 1 3 1
5 vs 5 Defense
Defense Defense Time % Phy DF OF
1 Jacob Trouba Brandon Carlo 35 1 3 1
2 Brett Pesce Evan Bouchard 35 0 2 3
3 Ryker Evans Scott Mayfield 25 1 3 1
4 Brandon Carlo Scott Mayfield 5 1 4 0
PowerPlay Forward
Center Left Wing Right Wing Time % Phy DF OF
1 Boone Jenner Adrian Kempe Brock Boeser 60 1 0 4
2 Mikael Backlund Jake DeBrusk David Perron 40 1 0 4
PowerPlay Defense
Defense Defense Time % Phy DF OF
1 Evan Bouchard Blake Wheeler 60 1 1 3
2 Brett Pesce Dawson Mercer 40 0 2 3
Penalty Kill 4 Players Forward
Center Wing Time % Phy DF OF
1 Derek Grant Tanner Jeannot 53 1 4 0
2 Jeff Carter Alex Iafallo 47 1 4 0
Penalty Kill 4 Players Defense
Defense Defense Time % Phy DF OF
1 Brandon Carlo Jacob Trouba 50 2 3 0
2 Scott Mayfield Evan Bouchard 50 2 3 0
Penalty Kill - 3 Players Forward
Forward Time % Phy DF OF
1 Derek Grant 50 1 4 0
2 Mikael Backlund 50 1 4 0
Penalty Kill - 3 Players Defense
Defense Defense Time % Phy DF OF
1 Brandon Carlo Jacob Trouba 50 1 4 0
2 Scott Mayfield Evan Bouchard 50 1 4 0
4 vs 4 Forward
Center Wing Time % Phy DF OF
1 Boone Jenner Adrian Kempe 50 1 2 2
2 Mikael Backlund Brock Boeser 50 0 2 3
4 vs 4 Defense
Defense Defense Time % Phy DF OF
1 Jacob Trouba Brandon Carlo 50 1 3 1
2 Scott Mayfield Evan Bouchard 50 1 1 3
Last Minutes Offensive
Center Left Wing Right Wing Defense Defense
Boone Jenner Adrian Kempe Brock Boeser Brett Pesce Evan Bouchard
Last Minutes Defensive
Center Left Wing Right Wing Defense Defense
Mikael Backlund Derek Grant Tanner Jeannot Brandon Carlo Scott Mayfield
Goaltenders
Starting : Juuse Saros
Backup : Matt Murray
Extra Forwards
Normal : Brock Boeser, Adrian Kempe, Boone Jenner - PP : Jake DeBrusk, Brock Boeser - PK : Mikael Backlund
Extra Defensemen
Normal : Evan Bouchard, Jacob Trouba, Brandon Carlo - PP : Jacob Trouba - PK : Brett Pesce, Brandon Carlo
Penalty Shots
Boone Jenner, Adrian Kempe, Brock Boeser, Jake DeBrusk, Dawson Mercer
% Time on Ice - Colorado Rockies
Lines # - Real PCT - Wanted PCT - Time Play
Normal Forward
1 - 30% - 30% - 14:25
2 - 29% - 30% - 14:19
3 - 26% - 25% - 12:49
4 - 15% - 15% - 7:14
Normal Defense
1 - 44% - 42% - 21:37
2 - 35% - 36% - 17:04
3 - 21% - 22% - 10:06
4 - 0% - 0% - 0:00
PP Forward
1 - 48% - 50% - 2:50
2 - 52% - 50% - 3:07
PP Defense
1 - 59% - 50% - 3:32
2 - 41% - 50% - 2:25
PK Forward
1 - 55% - 50% - 2:53
2 - 45% - 50% - 2:23
PK Defense
1 - 52% - 50% - 2:43
2 - 48% - 50% - 2:33
PK3 Forward
1 - 0% - 50%
2 - 0% - 50%
PK3 Defense
1 - 0% - 50%
2 - 0% - 50%
44 Forward
1 - 0% - 50%
2 - 0% - 50%
44 Defense
1 - 0% - 50%
2 - 0% - 50%
Last Minute Offensive - 0:00
Last Minute Defensive - 0:00
Total
Forward - 60:00
Defense - 60:00
|
% Time on Ice - Edmonton Oilers
Lines # - Real PCT - Wanted PCT - Time Play
Normal Forward
1 - 32% - 34% - 15:44
2 - 32% - 34% - 15:38
3 - 21% - 20% - 10:25
4 - 14% - 12% - 7:00
Normal Defense
1 - 36% - 35% - 17:45
2 - 38% - 35% - 18:42
3 - 24% - 25% - 11:31
4 - 2% - 5% - 0:49
PP Forward
1 - 58% - 60% - 3:04
2 - 42% - 40% - 2:12
PP Defense
1 - 66% - 60% - 3:30
2 - 34% - 40% - 1:46
PK Forward
1 - 57% - 53% - 3:24
2 - 43% - 47% - 2:33
PK Defense
1 - 42% - 50% - 2:31
2 - 58% - 50% - 3:26
PK3 Forward
1 - 0% - 50%
2 - 0% - 50%
PK3 Defense
1 - 0% - 50%
2 - 0% - 50%
44 Forward
1 - 0% - 50%
2 - 0% - 50%
44 Defense
1 - 0% - 50%
2 - 0% - 50%
Last Minute Offensive - 0:00
Last Minute Defensive - 0:00
Total
Forward - 60:00
Defense - 60:00
|
Play-by-Play
1st period
0:01 of 1st period - Boone Jenner wins face-off versus Ryan O'Reilly in neutral zone.
0:06 of 1st period - Kyle Connor is hit by Boone Jenner and loses puck.
0:11 of 1st period - Snap shot by David Perron.
0:11 of 1st period - Shot Misses the Net.
0:13 of 1st period - Slapshot by Jacob Trouba.
0:13 of 1st period - Stopped by Andrei Vasilevskiy without a rebound.
0:14 of 1st period - Mikael Backlund wins face-off versus Tim Stutzle in Colorado Rockies zone.
0:19 of 1st period - Wrist shot by Brock Boeser.
0:19 of 1st period - Stopped by Andrei Vasilevskiy without a rebound.
0:20 of 1st period - Mikael Backlund wins face-off versus Tim Stutzle in Colorado Rockies zone.
0:29 of 1st period - Snap shot by Jake DeBrusk.
0:29 of 1st period - Shot Misses the Net.
1:55 of 1st period - Snap shot by David Pastrnak.
1:55 of 1st period - Shot Misses the Net.
1:57 of 1st period - Slapshot by Martin Fehervary.
1:57 of 1st period - Stopped by Juuse Saros without a rebound.
1:58 of 1st period - Nick Schmaltz wins face-off versus Boone Jenner in Edmonton Oilers zone.
2:09 of 1st period - Wrist shot by Adrian Kempe.
2:09 of 1st period - Shot Blocked by Victor Hedman.
2:15 of 1st period - Slapshot by Adrian Kempe.
2:15 of 1st period - Deflect By Boone Jenner.
2:15 of 1st period - Shot Misses the Net.
2:15 of 1st period - Puck is out of play.
2:16 of 1st period - Mikael Backlund wins face-off versus Kyle Connor in Colorado Rockies zone.
2:33 of 1st period - Snap shot by Brock Boeser.
2:33 of 1st period - Stopped by Andrei Vasilevskiy without a rebound.
2:34 of 1st period - Jeff Carter wins face-off versus Tim Stutzle in Colorado Rockies zone.
2:49 of 1st period - Wrist shot by Tim Stutzle.
2:49 of 1st period - Shot Misses the Net.
3:31 of 1st period - Quinn Hughes is hit by Derek Grant and loses puck.
3:58 of 1st period - Wrist shot by Jakub Vrana.
3:58 of 1st period - Shot Blocked by Brandon Carlo.
4:10 of 1st period - Victor Hedman is hit by Brock Boeser.
4:42 of 1st period - Snap shot by Brock Boeser.
4:42 of 1st period - Shot Blocked by Quinn Hughes.
4:44 of 1st period - Slapshot by Jacob Trouba.
4:44 of 1st period - Shot Misses the Net.
4:48 of 1st period - Slapshot by Brock Boeser.
4:48 of 1st period - Deflect By Jake DeBrusk.
4:48 of 1st period - Shot Misses the Net.
4:48 of 1st period - Puck is out of play.
4:49 of 1st period - Kyle Connor wins face-off versus Boone Jenner in Colorado Rockies zone.
4:49 of 1st period - Kyle Connor is hit by Adrian Kempe.
5:08 of 1st period - Minor Penalty to David Perron for Interference.
5:09 of 1st period - Tim Stutzle wins face-off versus Derek Grant in Edmonton Oilers zone.
5:21 of 1st period - Snap shot by Kyle Connor.
5:21 of 1st period - Shot Misses the Net.
5:38 of 1st period - Off-side.
5:39 of 1st period - Ryan O'Reilly wins face-off versus Jeff Carter in neutral zone.
5:41 of 1st period - Off-side.
5:42 of 1st period - Ryan O'Reilly wins face-off versus Jeff Carter in neutral zone.
5:45 of 1st period - Evan Bouchard is hit by Michael Bunting.
5:59 of 1st period - Derek Grant is hit by Ryan O'Reilly and loses puck.
6:08 of 1st period - Wrist shot by Ryan O'Reilly.
6:08 of 1st period - Shot Misses the Net.
6:10 of 1st period - Backhand shot by Michael Bunting.
6:10 of 1st period - Stopped by Juuse Saros without a rebound.
6:11 of 1st period - Jeff Carter wins face-off versus Tim Stutzle in Edmonton Oilers zone.
6:41 of 1st period - Backhand shot by Nikita Kucherov.
6:41 of 1st period - Shot Blocked by Jacob Trouba.
7:00 of 1st period - Icing by Victor Hedman.
7:01 of 1st period - Jeff Carter wins face-off versus Tim Stutzle in Colorado Rockies zone.
7:08 of 1st period - Penalty to David Perron is over, David Perron is back on ice.
7:30 of 1st period - Slapshot by David Pastrnak.
7:30 of 1st period - Shot Misses the Net.
7:32 of 1st period - Slapshot by Vince Dunn.
7:32 of 1st period - Shot Blocked by Scott Mayfield.
7:34 of 1st period - Snap shot by Kyle Connor.
7:34 of 1st period - Deflect By David Pastrnak.
7:34 of 1st period - Shot Misses the Net.
7:34 of 1st period - Puck is out of play.
7:35 of 1st period - Derek Grant wins face-off versus Nick Schmaltz in Edmonton Oilers zone.
8:07 of 1st period - Slapshot by Nick Schmaltz.
8:07 of 1st period - Stopped by Juuse Saros with a rebound.
8:25 of 1st period - Slapshot by Nick Schmaltz.
8:25 of 1st period - Shot Misses the Net.
8:27 of 1st period - Snap shot by Nick Schmaltz.
8:27 of 1st period - Deflect By Jacob Trouba.
8:27 of 1st period - Stopped by Juuse Saros with a rebound.
8:29 of 1st period - Slapshot by Victor Hedman.
8:29 of 1st period - Shot Blocked by Jacob Trouba.
8:31 of 1st period - Snap shot by Victor Hedman.
8:31 of 1st period - Shot Misses the Net.
8:33 of 1st period - Wrist shot by Kevin Hayes.
8:33 of 1st period - Stopped by Juuse Saros with a rebound.
8:35 of 1st period - Slapshot by Victor Hedman.
8:35 of 1st period - Shot Misses the Net.
8:37 of 1st period - Slapshot by Victor Hedman.
8:37 of 1st period - Deflect By Nick Schmaltz.
8:37 of 1st period - Shot Misses the Net.
8:37 of 1st period - Puck is out of play.
8:38 of 1st period - Boone Jenner wins face-off versus David Pastrnak in Edmonton Oilers zone.
9:14 of 1st period - Wrist shot by Kyle Connor.
9:14 of 1st period - Shot Blocked by Jeff Carter.
9:44 of 1st period - Snap shot by Brock Boeser.
9:44 of 1st period - Deflect By Mikael Backlund.
9:44 of 1st period - Stopped by Andrei Vasilevskiy with a rebound.
10:14 of 1st period - Slapshot by Boone Jenner.
10:14 of 1st period - Shot Misses the Net.
10:16 of 1st period - Snap shot by David Perron.
10:16 of 1st period - Stopped by Andrei Vasilevskiy without a rebound.
10:17 of 1st period - Jeff Carter wins face-off versus Tim Stutzle in Colorado Rockies zone.
10:18 of 1st period - Snap shot by Blake Wheeler.
10:18 of 1st period - Stopped by Andrei Vasilevskiy without a rebound.
10:19 of 1st period - Jeff Carter wins face-off versus Tim Stutzle in Colorado Rockies zone.
10:28 of 1st period - Snap shot by Alex Iafallo.
10:28 of 1st period - Stopped by Andrei Vasilevskiy with a rebound.
10:30 of 1st period - Wrist shot by Blake Wheeler.
10:30 of 1st period - Shot Misses the Net.
10:32 of 1st period - Slapshot by Evan Bouchard.
10:32 of 1st period - Shot Blocked by Andrew Peeke.
10:34 of 1st period - Slapshot by Brett Pesce.
10:34 of 1st period - Stopped by Andrei Vasilevskiy without a rebound.
10:35 of 1st period - Boone Jenner wins face-off versus Nick Schmaltz in Colorado Rockies zone.
10:49 of 1st period - Snap shot by Nick Schmaltz.
10:49 of 1st period - Shot Blocked by Evan Bouchard.
10:51 of 1st period - Backhand shot by Vince Dunn.
10:51 of 1st period - Stopped by Juuse Saros without a rebound.
10:52 of 1st period - Jeff Carter wins face-off versus Tim Stutzle in Edmonton Oilers zone.
10:57 of 1st period - Wrist shot by Blake Wheeler.
10:57 of 1st period - Stopped by Andrei Vasilevskiy without a rebound.
10:58 of 1st period - Tim Stutzle wins face-off versus Jeff Carter in Colorado Rockies zone.
11:54 of 1st period - Kevin Hayes is hit by Mikael Backlund and loses puck.
12:17 of 1st period - Wrist shot by Kevin Hayes.
12:17 of 1st period - Shot Hit the Post.
12:19 of 1st period - Backhand shot by Nick Schmaltz.
12:19 of 1st period - Stopped by Juuse Saros with a rebound.
12:21 of 1st period - Slapshot by Andrew Peeke.
12:21 of 1st period - Shot Misses the Net.
12:23 of 1st period - Slapshot by Nick Schmaltz.
12:23 of 1st period - Stopped by Juuse Saros with a rebound.
12:25 of 1st period - Snap shot by Kevin Hayes.
12:25 of 1st period - Shot Misses the Net.
12:27 of 1st period - Snap shot by Andrew Peeke.
12:27 of 1st period - Stopped by Juuse Saros with a rebound.
12:51 of 1st period - Wrist shot by Nick Schmaltz.
12:51 of 1st period - Deflect By Dawson Mercer.
12:51 of 1st period - Shot Blocked by Dawson Mercer.
12:51 of 1st period - Puck is out of play.
12:52 of 1st period - Boone Jenner wins face-off versus Tim Stutzle in Edmonton Oilers zone.
12:52 of 1st period - Boone Jenner is hit by Quinn Hughes.
13:05 of 1st period - Minor Penalty to Tim Stutzle for Hooking.
13:06 of 1st period - Ryan O'Reilly wins face-off versus Boone Jenner in Colorado Rockies zone.
13:23 of 1st period - Snap shot by Adrian Kempe.
13:23 of 1st period - Shot Misses the Net.
15:05 of 1st period - Penalty to Tim Stutzle is over, Tim Stutzle is back on ice.
15:05 of 1st period - Dawson Mercer is hit by Victor Hedman.
15:37 of 1st period - Alex Iafallo is hit by Michael Bunting and loses puck.
17:01 of 1st period - Slapshot by Nikita Kucherov.
17:01 of 1st period - Stopped by Juuse Saros with a rebound.
17:06 of 1st period - Icing by David Perron.
17:07 of 1st period - Nick Schmaltz wins face-off versus Boone Jenner in Edmonton Oilers zone.
17:08 of 1st period - Snap shot by Michael Bunting.
17:08 of 1st period - Stopped by Juuse Saros with a rebound.
17:23 of 1st period - Icing by Brett Pesce.
17:24 of 1st period - Mikael Backlund wins face-off versus Tim Stutzle in Edmonton Oilers zone.
17:48 of 1st period - Off-side.
17:49 of 1st period - Ryan O'Reilly wins face-off versus Jeff Carter in neutral zone.
17:59 of 1st period - Snap shot by Nikita Kucherov.
17:59 of 1st period - Deflect By Ryan O'Reilly.
17:59 of 1st period - Stopped by Juuse Saros without a rebound.
18:00 of 1st period - Ryan O'Reilly wins face-off versus Boone Jenner in Edmonton Oilers zone.
18:09 of 1st period - Wrist shot by Kyle Connor.
18:09 of 1st period - Shot Misses the Net.
18:11 of 1st period - Slapshot by Victor Hedman.
18:11 of 1st period - Stopped by Juuse Saros without a rebound.
18:12 of 1st period - Boone Jenner wins face-off versus Ryan O'Reilly in Edmonton Oilers zone.
18:25 of 1st period - Slapshot by Adrian Kempe.
18:25 of 1st period - Stopped by Andrei Vasilevskiy without a rebound.
18:26 of 1st period - Tim Stutzle wins face-off versus Boone Jenner in Colorado Rockies zone.
18:26 of 1st period - Tim Stutzle is hit by Brandon Carlo.
18:57 of 1st period - Snap shot by Nikita Kucherov.
18:57 of 1st period - Stopped by Juuse Saros without a rebound.
18:58 of 1st period - Mikael Backlund wins face-off versus Kyle Connor in Edmonton Oilers zone.
18:58 of 1st period - Mikael Backlund is hit by Vince Dunn.
19:06 of 1st period - Snap shot by Brock Boeser.
19:06 of 1st period - Shot Blocked by Nikita Kucherov.
19:10 of 1st period - Wrist shot by Jake DeBrusk.
19:10 of 1st period - Shot Misses the Net.
19:12 of 1st period - Slapshot by Mikael Backlund.
19:12 of 1st period - Shot Blocked by Vince Dunn.
Goals for this period are 0 for Colorado Rockies vs 0 for Edmonton Oilers.
Shots for this period are 14 for Colorado Rockies vs 10 for Edmonton Oilers.
2nd period
0:01 of 2nd period - Boone Jenner wins face-off versus Tim Stutzle in neutral zone.
0:12 of 2nd period - Snap shot by David Perron.
0:12 of 2nd period - Shot Misses the Net.
0:14 of 2nd period - Slapshot by Brett Pesce.
0:14 of 2nd period - Shot Misses the Net.
0:16 of 2nd period - Slapshot by Brett Pesce.
0:16 of 2nd period - Stopped by Andrei Vasilevskiy without a rebound.
0:17 of 2nd period - Nick Schmaltz wins face-off versus Jeff Carter in Colorado Rockies zone.
0:24 of 2nd period - Brett Pesce is hit by Michael Bunting and loses puck.
0:33 of 2nd period - Snap shot by Nick Schmaltz.
0:33 of 2nd period - Shot Misses the Net.
1:16 of 2nd period - Icing by Nikita Zadorov.
1:17 of 2nd period - Boone Jenner wins face-off versus Kyle Connor in Colorado Rockies zone.
1:28 of 2nd period - Slapshot by Kyle Connor.
1:28 of 2nd period - Deflect By Nikita Kucherov.
1:28 of 2nd period - Shot Misses the Net.
1:28 of 2nd period - Puck is out of play.
1:29 of 2nd period - Boone Jenner wins face-off versus Jesper Bratt in Edmonton Oilers zone.
1:29 of 2nd period - Boone Jenner is hit by Quinn Hughes.
1:39 of 2nd period - Wrist shot by David Perron.
1:39 of 2nd period - Shot Blocked by Quinn Hughes.
1:39 of 2nd period - Quinn Hughes from Colorado Rockies is injured at 1:39 of 2nd period (Back).
1:40 of 2nd period - Boone Jenner wins face-off versus Tim Stutzle in Colorado Rockies zone.
1:41 of 2nd period - Snap shot by David Perron.
1:41 of 2nd period - Deflect By Boone Jenner.
1:41 of 2nd period - Stopped by Andrei Vasilevskiy with a rebound.
1:43 of 2nd period - Snap shot by David Perron.
1:43 of 2nd period - Deflect By Jesper Bratt.
1:43 of 2nd period - Stopped by Andrei Vasilevskiy without a rebound.
1:44 of 2nd period - Boone Jenner wins face-off versus Tim Stutzle in Colorado Rockies zone.
1:52 of 2nd period - Andrew Peeke is hit by Boone Jenner and loses puck.
2:16 of 2nd period - Backhand shot by David Perron.
2:16 of 2nd period - Stopped by Andrei Vasilevskiy with a rebound.
2:18 of 2nd period - Slapshot by Adrian Kempe.
2:18 of 2nd period - Stopped by Andrei Vasilevskiy without a rebound.
2:19 of 2nd period - Jeff Carter wins face-off versus Nick Schmaltz in Colorado Rockies zone.
2:20 of 2nd period - Wrist shot by Alex Iafallo.
2:20 of 2nd period - Goal by Alex Iafallo - Colorado Rockies : 0 - Edmonton Oilers : 1.
2:21 of 2nd period - Brock Boeser wins face-off versus Nick Schmaltz in neutral zone.
2:30 of 2nd period - Snap shot by Brock Boeser.
2:30 of 2nd period - Stopped by Andrei Vasilevskiy without a rebound.
2:31 of 2nd period - Mikael Backlund wins face-off versus Nick Schmaltz in Colorado Rockies zone.
3:32 of 2nd period - Wrist shot by Kevin Hayes.
3:32 of 2nd period - Shot Blocked by Brock Boeser.
3:40 of 2nd period - Snap shot by Jake DeBrusk.
3:40 of 2nd period - Shot Blocked by Victor Hedman.
3:42 of 2nd period - Slapshot by Scott Mayfield.
3:42 of 2nd period - Shot Misses the Net.
3:44 of 2nd period - Snap shot by Mikael Backlund.
3:44 of 2nd period - Shot Blocked by Victor Hedman.
3:46 of 2nd period - Wrist shot by Scott Mayfield.
3:46 of 2nd period - Stopped by Andrei Vasilevskiy with a rebound.
3:48 of 2nd period - Snap shot by Mikael Backlund.
3:48 of 2nd period - Shot Misses the Net.
3:50 of 2nd period - Slapshot by Ryker Evans.
3:50 of 2nd period - Stopped by Andrei Vasilevskiy without a rebound.
3:51 of 2nd period - Boone Jenner wins face-off versus Ryan O'Reilly in Colorado Rockies zone.
3:54 of 2nd period - Snap shot by Adrian Kempe.
3:54 of 2nd period - Stopped by Andrei Vasilevskiy without a rebound.
3:55 of 2nd period - Ryan O'Reilly wins face-off versus Boone Jenner in Colorado Rockies zone.
3:55 of 2nd period - Ryan O'Reilly is hit by David Perron.
4:03 of 2nd period - Wrist shot by Kyle Connor.
4:03 of 2nd period - Shot Blocked by David Perron.
6:16 of 2nd period - Slapshot by Tim Stutzle.
6:16 of 2nd period - Deflect By David Pastrnak.
6:16 of 2nd period - Goal by David Pastrnak - Colorado Rockies : 1 - Edmonton Oilers : 1.
6:17 of 2nd period - David Pastrnak wins face-off versus Boone Jenner in neutral zone.
6:20 of 2nd period - Snap shot by Jesper Bratt.
6:20 of 2nd period - Deflect By David Pastrnak.
6:20 of 2nd period - Shot Misses the Net.
6:20 of 2nd period - Puck is out of play.
6:21 of 2nd period - Boone Jenner wins face-off versus Tim Stutzle in Edmonton Oilers zone.
6:37 of 2nd period - Off-side.
6:38 of 2nd period - Jeff Carter wins face-off versus Ryan O'Reilly in neutral zone.
7:04 of 2nd period - Adrian Kempe is hit by Vince Dunn and loses puck.
7:36 of 2nd period - Wrist shot by Jake DeBrusk.
7:36 of 2nd period - Goal by Jake DeBrusk - Colorado Rockies : 1 - Edmonton Oilers : 2.
7:37 of 2nd period - Boone Jenner wins face-off versus Ryan O'Reilly in neutral zone.
7:50 of 2nd period - Slapshot by David Perron.
7:50 of 2nd period - Stopped by Andrei Vasilevskiy without a rebound.
7:51 of 2nd period - Jeff Carter wins face-off versus Ryan O'Reilly in Colorado Rockies zone.
8:18 of 2nd period - David Perron is hit by Victor Hedman and loses puck.
8:39 of 2nd period - Minor Penalty to David Perron for Hooking.
8:40 of 2nd period - Derek Grant wins face-off versus Tim Stutzle in Edmonton Oilers zone.
10:39 of 2nd period - Penalty to David Perron is over, David Perron is back on ice.
10:54 of 2nd period - Off-side.
10:55 of 2nd period - Boone Jenner wins face-off versus Nick Schmaltz in neutral zone.
10:58 of 2nd period - Nikita Zadorov is hit by Adrian Kempe and loses puck.
11:05 of 2nd period - Martin Fehervary is hit by Boone Jenner.
11:50 of 2nd period - Wrist shot by Blake Wheeler.
11:50 of 2nd period - Shot Blocked by Tim Stutzle.
11:52 of 2nd period - Wrist shot by Blake Wheeler.
11:52 of 2nd period - Shot Misses the Net.
12:16 of 2nd period - Martin Fehervary is hit by Scott Mayfield.
12:28 of 2nd period - Wrist shot by Adrian Kempe.
12:28 of 2nd period - Stopped by Andrei Vasilevskiy without a rebound.
12:29 of 2nd period - Boone Jenner wins face-off versus Nick Bonino in Colorado Rockies zone.
12:32 of 2nd period - Snap shot by Adrian Kempe.
12:32 of 2nd period - Stopped by Andrei Vasilevskiy without a rebound.
12:33 of 2nd period - Ryan O'Reilly wins face-off versus Mikael Backlund in Colorado Rockies zone.
13:10 of 2nd period - Snap shot by David Perron.
13:10 of 2nd period - Shot Blocked by Nikita Zadorov.
13:25 of 2nd period - Minor Penalty to Victor Hedman for Tripping.
13:26 of 2nd period - Ryan O'Reilly wins face-off versus Brock Boeser in Colorado Rockies zone.
13:43 of 2nd period - Brock Boeser is hit by Nikita Kucherov and loses puck.
15:25 of 2nd period - Penalty to Victor Hedman is over, Victor Hedman is back on ice.
15:38 of 2nd period - Slapshot by Nikita Zadorov.
15:38 of 2nd period - Stopped by Juuse Saros with a rebound.
16:57 of 2nd period - Slapshot by Vince Dunn.
16:57 of 2nd period - Goal by Vince Dunn - Colorado Rockies : 2 - Edmonton Oilers : 2.
16:58 of 2nd period - Ryan O'Reilly wins face-off versus Mikael Backlund in neutral zone.
17:25 of 2nd period - Kyle Connor is hit by Blake Wheeler and loses puck.
17:38 of 2nd period - Wrist shot by Blake Wheeler.
17:38 of 2nd period - Stopped by Andrei Vasilevskiy without a rebound.
17:39 of 2nd period - Tim Stutzle wins face-off versus Mikael Backlund in Colorado Rockies zone.
17:49 of 2nd period - Scott Mayfield is hit by Tim Stutzle and loses puck.
18:13 of 2nd period - Boone Jenner is hit by Nikita Zadorov and loses puck.
18:32 of 2nd period - Jeff Carter is hit by Martin Fehervary and loses puck.
18:47 of 2nd period - Snap shot by Evan Bouchard.
18:47 of 2nd period - Deflect By Derek Grant.
18:47 of 2nd period - Stopped by Andrei Vasilevskiy without a rebound.
18:48 of 2nd period - Ryan O'Reilly wins face-off versus Derek Grant in Colorado Rockies zone.
19:01 of 2nd period - Slapshot by Derek Grant.
19:01 of 2nd period - Stopped by Andrei Vasilevskiy with a rebound.
19:03 of 2nd period - Slapshot by Brett Pesce.
19:03 of 2nd period - Stopped by Andrei Vasilevskiy without a rebound.
19:04 of 2nd period - Tim Stutzle wins face-off versus Jake DeBrusk in Colorado Rockies zone.
19:30 of 2nd period - Boone Jenner is hit by Nikita Kucherov and loses puck.
Goals for this period are 2 for Colorado Rockies vs 2 for Edmonton Oilers.
Shots for this period are 3 for Colorado Rockies vs 18 for Edmonton Oilers.
3rd period
0:01 of 3rd period - Mikael Backlund wins face-off versus David Pastrnak in neutral zone.
0:04 of 3rd period - Snap shot by Jake DeBrusk.
0:04 of 3rd period - Deflect By Brock Boeser.
0:04 of 3rd period - Goal by Brock Boeser - Colorado Rockies : 2 - Edmonton Oilers : 3.
0:05 of 3rd period - Tim Stutzle wins face-off versus Mikael Backlund in neutral zone.
1:01 of 3rd period - Snap shot by Nick Schmaltz.
1:01 of 3rd period - Deflect By Michael Bunting.
1:01 of 3rd period - Shot Blocked by Alex Iafallo.
1:01 of 3rd period - Puck is out of play.
1:02 of 3rd period - Tim Stutzle wins face-off versus Mikael Backlund in Edmonton Oilers zone.
1:05 of 3rd period - Wrist shot by Tim Stutzle.
1:05 of 3rd period - Shot Blocked by Jake DeBrusk.
1:31 of 3rd period - David Perron is hit by Martin Fehervary and loses puck.
1:43 of 3rd period - Adrian Kempe is hit by Ryan O'Reilly and loses puck.
2:10 of 3rd period - Wrist shot by Nikita Kucherov.
2:10 of 3rd period - Deflect By Derek Grant.
2:10 of 3rd period - Shot Misses the Net.
2:10 of 3rd period - Puck is out of play.
2:11 of 3rd period - Tim Stutzle wins face-off versus Mikael Backlund in Edmonton Oilers zone.
2:24 of 3rd period - Wrist shot by Jake DeBrusk.
2:24 of 3rd period - Stopped by Andrei Vasilevskiy with a rebound.
2:38 of 3rd period - Ryker Evans is hit by Andrew Peeke and loses puck.
3:05 of 3rd period - Alex Iafallo is hit by Michael Bunting and loses puck.
3:24 of 3rd period - Jacob Trouba is hit by Tim Stutzle and loses puck.
3:29 of 3rd period - Wrist shot by Jesper Bratt.
3:29 of 3rd period - Stopped by Juuse Saros without a rebound.
3:30 of 3rd period - Mikael Backlund wins face-off versus Tim Stutzle in Edmonton Oilers zone.
3:39 of 3rd period - Snap shot by David Pastrnak.
3:39 of 3rd period - Shot Blocked by Brandon Carlo.
3:41 of 3rd period - Wrist shot by Victor Hedman.
3:41 of 3rd period - Stopped by Juuse Saros with a rebound.
3:57 of 3rd period - Tim Stutzle is hit by Blake Wheeler and loses puck.
4:14 of 3rd period - Brandon Carlo is hit by Nikita Zadorov and loses puck.
4:58 of 3rd period - Backhand shot by Blake Wheeler.
4:58 of 3rd period - Deflect By David Pastrnak.
4:58 of 3rd period - Goal by Blake Wheeler - Colorado Rockies : 2 - Edmonton Oilers : 4.
4:59 of 3rd period - Mikael Backlund wins face-off versus Ryan O'Reilly in neutral zone.
5:01 of 3rd period - Off-side.
5:02 of 3rd period - Ryan O'Reilly wins face-off versus Jake DeBrusk in neutral zone.
5:11 of 3rd period - Snap shot by Kyle Connor.
5:11 of 3rd period - Shot Misses the Net.
7:46 of 3rd period - Icing by Martin Fehervary.
7:47 of 3rd period - Mikael Backlund wins face-off versus Nick Bonino in Colorado Rockies zone.
7:54 of 3rd period - Slapshot by Mikael Backlund.
7:54 of 3rd period - Shot Misses the Net.
7:56 of 3rd period - Snap shot by Jake DeBrusk.
7:56 of 3rd period - Shot Misses the Net.
7:58 of 3rd period - Snap shot by Mikael Backlund.
7:58 of 3rd period - Shot Misses the Net.
8:00 of 3rd period - Wrist shot by Jake DeBrusk.
8:00 of 3rd period - Shot Misses the Net.
8:02 of 3rd period - Wrist shot by Jake DeBrusk.
8:02 of 3rd period - Stopped by Andrei Vasilevskiy without a rebound.
8:03 of 3rd period - Ryan O'Reilly wins face-off versus Boone Jenner in Colorado Rockies zone.
8:45 of 3rd period - Icing by Brock Boeser.
8:46 of 3rd period - Mikael Backlund wins face-off versus Kyle Connor in Edmonton Oilers zone.
8:52 of 3rd period - Off-side.
8:53 of 3rd period - Boone Jenner wins face-off versus Ryan O'Reilly in neutral zone.
9:19 of 3rd period - Minor Penalty to Scott Mayfield for Hooking.
9:20 of 3rd period - Derek Grant wins face-off versus Tim Stutzle in Edmonton Oilers zone.
9:57 of 3rd period - Icing by Victor Hedman.
9:58 of 3rd period - Nick Bonino wins face-off versus Derek Grant in Colorado Rockies zone.
10:31 of 3rd period - Wrist shot by Ryan O'Reilly.
10:31 of 3rd period - Stopped by Juuse Saros without a rebound.
10:32 of 3rd period - Tim Stutzle wins face-off versus Jeff Carter in Edmonton Oilers zone.
10:39 of 3rd period - Wrist shot by Tim Stutzle.
10:39 of 3rd period - Shot Blocked by Alex Iafallo.
10:41 of 3rd period - Slapshot by Nikita Kucherov.
10:41 of 3rd period - Shot Blocked by Alex Iafallo.
10:43 of 3rd period - Wrist shot by Tim Stutzle.
10:43 of 3rd period - Shot Blocked by Brandon Carlo.
11:00 of 3rd period - Icing by Jesper Bratt.
11:01 of 3rd period - Derek Grant wins face-off versus Ryan O'Reilly in Colorado Rockies zone.
11:19 of 3rd period - Penalty to Scott Mayfield is over, Scott Mayfield is back on ice.
11:52 of 3rd period - Wrist shot by David Perron.
11:52 of 3rd period - Stopped by Andrei Vasilevskiy without a rebound.
11:53 of 3rd period - Jake DeBrusk wins face-off versus Tim Stutzle in Colorado Rockies zone.
12:20 of 3rd period - Jacob Trouba is hit by Nick Schmaltz.
12:23 of 3rd period - Off-side.
12:24 of 3rd period - Boone Jenner wins face-off versus Nick Schmaltz in neutral zone.
12:37 of 3rd period - Wrist shot by Adrian Kempe.
12:37 of 3rd period - Shot Blocked by Kevin Hayes.
12:39 of 3rd period - Snap shot by Adrian Kempe.
12:39 of 3rd period - Shot Misses the Net.
12:47 of 3rd period - Snap shot by Boone Jenner.
12:47 of 3rd period - Shot Misses the Net.
12:49 of 3rd period - Slapshot by Adrian Kempe.
12:49 of 3rd period - Shot Blocked by Vince Dunn.
12:51 of 3rd period - Snap shot by Boone Jenner.
12:51 of 3rd period - Stopped by Andrei Vasilevskiy with a rebound.
12:53 of 3rd period - Slapshot by Evan Bouchard.
12:53 of 3rd period - Stopped by Andrei Vasilevskiy without a rebound.
12:54 of 3rd period - Ryan O'Reilly wins face-off versus Mikael Backlund in Colorado Rockies zone.
13:03 of 3rd period - Slapshot by Kyle Connor.
13:03 of 3rd period - Shot Misses the Net.
13:05 of 3rd period - Slapshot by Kyle Connor.
13:05 of 3rd period - Stopped by Juuse Saros without a rebound.
13:06 of 3rd period - Ryan O'Reilly wins face-off versus Mikael Backlund in Edmonton Oilers zone.
13:07 of 3rd period - Snap shot by Kyle Connor.
13:07 of 3rd period - Shot Misses the Net.
13:09 of 3rd period - Slapshot by Andrew Peeke.
13:09 of 3rd period - Shot Misses the Net.
13:17 of 3rd period - Snap shot by Kyle Connor.
13:17 of 3rd period - Shot Misses the Net.
13:19 of 3rd period - Wrist shot by Kyle Connor.
13:19 of 3rd period - Deflect By Ryan O'Reilly.
13:19 of 3rd period - Shot Misses the Net.
13:19 of 3rd period - Puck is out of play.
13:20 of 3rd period - Boone Jenner wins face-off versus Tim Stutzle in Edmonton Oilers zone.
13:31 of 3rd period - Snap shot by Boone Jenner.
13:31 of 3rd period - Stopped by Andrei Vasilevskiy without a rebound.
13:32 of 3rd period - Ryan O'Reilly wins face-off versus Mikael Backlund in Colorado Rockies zone.
13:37 of 3rd period - Wrist shot by Nikita Kucherov.
13:37 of 3rd period - Stopped by Juuse Saros with a rebound.
13:39 of 3rd period - Slapshot by Vince Dunn.
13:39 of 3rd period - Shot Blocked by Jake DeBrusk.
13:41 of 3rd period - Slapshot by Ryan O'Reilly.
13:41 of 3rd period - Stopped by Juuse Saros with a rebound.
13:43 of 3rd period - Snap shot by Nikita Kucherov.
13:43 of 3rd period - Shot Misses the Net.
14:28 of 3rd period - Brett Pesce is hit by Vince Dunn and loses puck.
14:52 of 3rd period - Slapshot by Evan Bouchard.
14:52 of 3rd period - Shot Blocked by Andrew Peeke.
15:34 of 3rd period - Slapshot by Tim Stutzle.
15:34 of 3rd period - Shot Misses the Net.
15:36 of 3rd period - Slapshot by Vince Dunn.
15:36 of 3rd period - Deflect By Jesper Bratt.
15:36 of 3rd period - Shot Blocked by Scott Mayfield.
15:36 of 3rd period - Puck is out of play.
15:37 of 3rd period - Blake Wheeler wins face-off versus Nick Schmaltz in Edmonton Oilers zone.
15:59 of 3rd period - Icing by Nick Schmaltz.
16:00 of 3rd period - Boone Jenner wins face-off versus Nick Bonino in Colorado Rockies zone.
16:07 of 3rd period - Wrist shot by Nick Bonino.
16:07 of 3rd period - Stopped by Juuse Saros without a rebound.
16:08 of 3rd period - Jeff Carter wins face-off versus Nick Schmaltz in Edmonton Oilers zone.
16:41 of 3rd period - Wrist shot by Derek Grant.
16:41 of 3rd period - Shot Misses the Net.
17:19 of 3rd period - Snap shot by Mikael Backlund.
17:19 of 3rd period - Shot Blocked by Nikita Zadorov.
17:51 of 3rd period - Alex Iafallo is hit by Jakub Vrana and loses puck.
18:06 of 3rd period - Wrist shot by Nick Schmaltz.
18:06 of 3rd period - Shot Misses the Net.
18:08 of 3rd period - Slapshot by Nick Schmaltz.
18:08 of 3rd period - Goal by Nick Schmaltz - Colorado Rockies : 3 - Edmonton Oilers : 4.
18:09 of 3rd period - Jeff Carter wins face-off versus Nick Schmaltz in neutral zone.
18:13 of 3rd period - Minor Penalty to Michael Bunting for Holding.
18:14 of 3rd period - Boone Jenner wins face-off versus Ryan O'Reilly in Colorado Rockies zone.
18:18 of 3rd period - Slapshot by Adrian Kempe.
18:18 of 3rd period - Stopped by Andrei Vasilevskiy with a rebound.
18:20 of 3rd period - Snap shot by Adrian Kempe.
18:20 of 3rd period - Stopped by Andrei Vasilevskiy with a rebound.
18:22 of 3rd period - Snap shot by Boone Jenner.
18:22 of 3rd period - Stopped by Andrei Vasilevskiy without a rebound.
18:23 of 3rd period - Boone Jenner wins face-off versus Ryan O'Reilly in Colorado Rockies zone.
18:48 of 3rd period - Wrist shot by Brock Boeser.
18:48 of 3rd period - Shot Misses the Net.
18:50 of 3rd period - Slapshot by Boone Jenner.
18:50 of 3rd period - Shot Misses the Net.
18:58 of 3rd period - Wrist shot by Brock Boeser.
18:58 of 3rd period - Stopped by Andrei Vasilevskiy without a rebound.
18:59 of 3rd period - Bruce Cassidy call a timeout for Colorado Rockies.
18:59 of 3rd period - Nick Bonino wins face-off versus Boone Jenner in Colorado Rockies zone.
18:59 of 3rd period - Nick Bonino is hit by Brock Boeser.
19:31 of 3rd period - Slapshot by Blake Wheeler.
19:31 of 3rd period - Goal by Blake Wheeler - Colorado Rockies : 3 - Edmonton Oilers : 5.
19:32 of 3rd period - Jeff Carter wins face-off versus Nick Schmaltz in neutral zone.
19:35 of 3rd period - Wrist shot by Blake Wheeler.
19:35 of 3rd period - Deflect By Jeff Carter.
19:35 of 3rd period - Shot Blocked by Kevin Hayes.
19:35 of 3rd period - Puck is out of play.
19:36 of 3rd period - Nick Schmaltz wins face-off versus Jeff Carter in Colorado Rockies zone.
19:41 of 3rd period - Kevin Hayes is hit by Blake Wheeler and loses puck.
Goals for this period are 1 for Colorado Rockies vs 3 for Edmonton Oilers.
Shots for this period are 8 for Colorado Rockies vs 13 for Edmonton Oilers.
Back to the Top